 Dungeon Crawl Stone Soup version 0.30.1-9-gdf580d7c3d (webtiles) character file.

Game seed: 7947599088996231042

56 Ivernyr the Shield-Bearer (level 4, 29/37 HPs)
             Began as a Formicid Fighter on Sept 29, 2023.
             Got out of the dungeon alive.
             The game lasted 00:01:39 (696 turns).

Ivernyr the Shield-Bearer (Formicid Fighter)         Turns: 696, Time: 00:01:39

Health: 29/37      AC:  7    Str: 22    XL:     4   Next: 15%
Magic:  4/4        EV:  9    Int:  8    God:
Gold:   61         SH:  5    Dex: 13    Spells: 3/3 levels left

rFire   . . .        a - +0 flail
rCold   . . .        c - +0 buckler
rNeg    . . .        b - +0 scale mail
rPois   .            (helmet unavailable)
rElec   .            (no cloak)
rCorr   .            (no gloves)
SInv    +            (no boots)
Will    .....        (no amulet) Stlth
                     (no ring)
HPRegen 0.26/turn    (no ring)
MPRegen 0.09/turn

%: no passive effects
@: no status effects
A: permanent stasis, dig shafts and tunnels, antennae 3, four strong arms
a: Dig, Shaft Self


You escaped.
You visited 1 branch of the dungeon, and saw 2 of its levels.

You collected 61 gold pieces.

Inventory:

Hand Weapons
 a - a +0 flail (weapon)
Armour
 b - a +0 scale mail (worn)
 c - a +0 buckler (worn)
Jewellery
 e - a ring of positive energy
Scrolls
 f - 2 scrolls of identify {unknown}
 g - a scroll of vulnerability {unknown}
 h - a scroll of amnesia {unknown}
 i - a scroll of fog {unknown}
Potions
 d - a potion of might
 j - a potion of brilliance {unknown}
 k - a potion of haste {unknown}


   Skills:
 + Level 4.0 Fighting
 + Level 2.8 Maces & Flails
 + Level 4.0 Armour
 - Level 4.0 Shields


You had 3 spell levels left.
You didn't know any spells.
Your spell library contained the following spells:

 Spells                   Type           Power      Damage    Failure   Level
 Hailstorm                Conj/Ice       0%         3d3       99%         3
 Ignite Poison            Fire/Tmut/Pois 0%         N/A       99%         3
 Inner Flame              Hex/Fire       0%         N/A       99%         3
 Flame Wave               Conj/Fire      0%         2d4       100%        4
 Summon Ice Beast         Ice/Summ       0%         N/A       100%        4


Dungeon Overview and Level Annotations

Branches:
Dungeon (2/15)

Altars:


Innate Abilities, Weirdness & Mutations

You cannot be hasted, slowed, berserked, paralysed or teleported.
You can dig through walls and to a lower floor.
You have a pair of large antennae on your head. (SInv)
Your four strong arms can wield two-handed weapons with a shield.


Message History

The ball python grabs you. The ball python constricts you.
You barely miss the ball python. The ball python bites you.
The ball python constricts you.
You closely miss the ball python. The ball python barely misses you.
The ball python constricts you. You block the ball python's attack.
The ball python constricts you.
You hit the ball python.
You kill the ball python!
You block the ball python's attack. The ball python closely misses you.
You closely miss the ball python. The ball python completely misses you.
The ball python grabs you. The ball python constricts you.
You closely miss the ball python.
The ball python bites you but does no damage.
The ball python constricts you. You block the ball python's attack.
The ball python constricts you.
You barely miss the ball python.
The ball python bites you but does no damage.
The ball python constricts you.
You closely miss the ball python. You block the ball python's attack.
The ball python constricts you. You block the ball python's attack.
The ball python constricts you.
You closely miss the ball python. The ball python barely misses you.
The ball python constricts you.
You sock the ball python!
You kill the ball python!
There is a stone staircase leading up, spattered with blood here.
Things that are here:
a ball python corpse; a ball python corpse; the felid corpse of Natasha Unknown command.
(D) Dungeon
Where to? (Enter - D:2, ? - help)
What level of the Dungeon? (default 1, ? - help)
You climb upwards.
There is a stone staircase leading down here.
There is an open door here.
You enter the shallow water.
Moving in this stuff is going to be slow.
There is a staircase leading out of the dungeon here.
Are you sure you want to leave the Dungeon?
This will make you lose the game!
You have escaped!

.## #...#..#..#####...........
..# #.#..#'########.####.####.
..# ##.#.##.##....##.# #.# ##
..#####....##~##~##.##.# #.# #
............##~~~#..'..####.##
.....###.####~#######..##....#
..#### #.#
##~~~~~~#####....####
..######.# #~###~#~#.#
#....#...
..##.....####~#~@~#≈#.#
#......#.
.###....#...#≈≈~~≈≈≈#.#
#....###. ##
#......######'####.###....###.
# #....### #.##..............
#....# #......###....####
#....# ####...# #....# ######
#...# #....# #...# ######
#...#


There were no monsters in sight!

Vanquished Creatures
  Natasha (D:2)
  2 bats (D:1)
  An endoplasm (D:1)
  4 giant cockroaches (D:1)
  5 goblins (D:1)
  A hobgoblin (D:1)
  A kobold (D:1)
  A quokka (D:1)
  7 ball pythons
  A frilled lizard (D:1)
  2 rats (D:1)
26 creatures vanquished.

Notes
Turn   | Place    | Note
-------+----------+-------------------------------------------
     0 | D:1      | Ivernyr the Formicid Fighter began the quest for the Orb.
     0 | D:1      | Reached XP level 1. HP: 18/18 MP: 1/1
    66 | D:1      | Reached XP level 2. HP: 22/24 MP: 2/2
   286 | D:1      | Reached XP level 3. HP: 20/30 MP: 3/3
   339 | D:1      | Got Fowy's Precepts of the Scorched Iceberg
   647 | D:2      | Noticed Natasha
   658 | D:2      | Killed Natasha
   659 | D:2      | Reached XP level 4. HP: 26/37 MP: 4/4
   696 | D:$      | Got out of the dungeon alive.

Illustrated notes

Levels and vault maps discovered:
D:1:      ncdulo_wetmaze, layout_rooms, reono_crystal_passage, st_stairs_2
D:2:      layout_basic, uniq_crazy_yiuf_cottage, uniq_natasha

Skill      XL: |  1  2  3 |
---------------+----------+-----
Fighting       | 4 |  4.0
Armour         | 4 |  4.0
Maces & Flails | |  2.8
Shields        | |  4.0

Action                     |  1- 3 |  4- 6 || total
---------------------------+-------+-------++-------
  Melee: Flail             |    87 |    11 ||    98
 Armour: Scale mail        |    63 |     3 ||    66
  Dodge: Dodged            |    44 |     6 ||    50
  Block: Buckler           |    31 |     6 ||    37
